 Dungeon Sprint DCSS version 0.24-a0-244-ga6a6ab7 (webtiles) character file.

Game seed: 2456207703657468249

132 MikeHunt the Covert (level 5, 0/76 HPs)
             Began as a Naga Assassin on Apr 10, 2019.
             Slain by a crimson imp (1 damage)
             ... summoned by a neqoxec
             ... in the Dungeon (Sprint II: "The Violet Keep of Menkaure").
             The game lasted 00:00:25 (19 turns).

MikeHunt the Covert (Naga Assassin)                   Turns: 19, Time: 00:00:26

Health: 0/76       AC:  3    Str: 19    XL:     5   Next: 15%
Magic:  4/4        EV: 11    Int:  9    God:
Gold:   0          SH:  0    Dex: 13    Spells: 4/4 levels left

rFire    . . .     SeeInvis +   a - +2 dagger
rCold    . . .     Gourm    .   (no shield)
rNeg     . . .     Faith    .   c - +0 robe
rPois    +         Spirit   .   (no helmet)
rElec    .         Reflect  .   d - +0 cloak
rCorr    .         Harm     .   (no gloves)
MR       .....     NoTele   +   (no barding)
Stlth    ..........             (no amulet)
HPRegen  0.22/turn              (no ring)
MPRegen  0.09/turn              (no ring)

@: berserking (expiring), quick
A: large, see invisible, deformed body, dopey 1, low mp 1, poison resistance,
screaming 1, slowness 2, slow metabolism 1, spit poison 1, AC +1
a: Spit Poison


You were in the Dungeon.
You were not hungry.

You visited 1 branch

Inventory:

Hand Weapons
 a - a +2 dagger (weapon)
 b - a +0 blowgun
Missiles
 e - 8 poisoned needles
 f - 2 curare-tipped needles
Armour
 c - a +0 robe (worn)
 d - a +0 cloak (worn)
Scrolls
 m - a scroll of blinking
Potions
 h - a potion of curing
 i - a potion of heal wounds
 j - a potion of haste
 k - 2 potions of magic
Comestibles
 g - a ration


   Skills:
 - Level 4.7 Fighting
 + Level 4.7 Short Blades
 - Level 4.3 Throwing
 - Level 3.5 Dodging
 + Level 9.0 Stealth


You had 4 spell levels left.
You didn't know any spells.
Your spell library was empty.

Dungeon Overview and Level Annotations

Branches:
Dungeon (1/1)

Altars:


Innate Abilities, Weirdness & Mutations

You cannot wear boots.
Your serpentine skin is tough. (AC +1)
You have supernaturally acute eyesight. (SInv)
Armour fits poorly on your strangely shaped body.
Your system is resistant to poisons. (rPois)
You cover ground very slowly.
You have a slow metabolism.
You can spit poison.
You are dopey. (Int -2)
Your magical capacity is low. (-10% MP)
You occasionally shout uncontrollably at your foes.


Message History

You barely miss the neqoxec.
The neqoxec is moderately wounded.
You puncture the neqoxec!
The neqoxec is heavily wounded.
The neqoxec misses you. The neqoxec gestures at you.
Something tries to feed on your intellect!
The neqoxec gestures at you.
Strange energies course through your body.
You feel stupid.
You hit the neqoxec.
The neqoxec is severely wounded.
The neqoxec barely misses you. x2
You closely miss the neqoxec.
The neqoxec is severely wounded.
The neqoxec closely misses you.
You puncture the neqoxec!
The neqoxec is almost dead.
The crimson imp hits you.
You die...

## #+#
#5#
##.##3#
+.55@3#
##.##35#
#+# #ยง#
##


You could see 3 neqoxecs, a crimson imp, 2 white imps and an ufetubus.

Vanquished Creatures
  A neqoxec (D)
1 creature vanquished.

Notes
Turn   | Place    | Note
-------+----------+-------------------------------------------
     0 | D        | MikeHunt the Naga Assassin began the quest for the Orb.
     0 | D        | Reached XP level 1. HP: 19/19 MP: 1/1
     1 | D        | Noticed a neqoxec
     1 | D        | Noticed a neqoxec
     1 | D        | Noticed a neqoxec
     1 | D        | Noticed a neqoxec
     3 | D        | Noticed a crimson imp
     4 | D        | Noticed a crimson imp
     8 | D        | Killed a neqoxec
     8 | D        | Reached skill level 9 in Stealth
     8 | D        | Reached XP level 2. HP: 14/31 MP: 2/2
     8 | D        | Reached XP level 3. HP: 16/37 MP: 3/3
     8 | D        | Reached XP level 4. HP: 20/45 MP: 4/4
     8 | D        | Reached XP level 5. HP: 23/51 MP: 5/5
     9 | D        | Gained mutation: You occasionally shout uncontrollably at
                  | your foes. [a neqoxec]
     9 | D        | Gained mutation: Your magical capacity is low. (-10% MP) [a
                  | neqoxec]
    14 | D        | HP: 1/76 [white imp/puff of frost[a neqoxec] (4)]
    16 | D        | Gained mutation: You are dopey. (Int -2) [a neqoxec]
    19 | D        | Slain by a crimson imp

Levels and vault maps discovered:
D:        the_violet_keep_of_menkaure [sprint2_stairs_cluster_1,
          sprint2_shoproom, sprint2_temple, sprint2_basic_supplies,
          sprint2_obstacle_6, sprint2_obstacle_1, sprint2_obstacle_7,
          sprint2_obstacle_3, sprint2_obstacle_2, sprint2_timed_cluster_1,
          sprint2_smallroom_cluster_1, sprint2_smallroom_final_cluster_1,
          sprint2_transparent_cluster_1, sprint2_second_timed_cluster_1,
          sprint2_sniper_area_1, sprint2_heavy_combat_area_1,
          sprint2_mutation_trap_area_1, sprint2_forest_area_1,
          sprint2_light_combat_area_1, sprint2_behind_water_1,
          sprint2_near_end_vault_1]

Skill      XL: |  1 |
---------------+----+-----
Fighting       | 4 |  4.7
Short Blades   | 4 |  4.7
Throwing       | 4 |  4.3
Dodging        | 3 |  3.5
Stealth        | 9 |  9.0

Action                   |  1- 3 |  4- 6 || total
-------------------------+-------+-------++-------
Melee: Dagger            |     6 |    10 ||    16
  Use: Potion            |     1 |       ||     1
Armor: Robe              |       |     2 ||     2
Dodge: Dodged            |     3 |     5 ||     8

Table legend:
 A = Non-vault XP
 B = Vault XP
 C = Vault XP percentage of total XP
 D = Non-vault monster count
 E = Vault monster count
 F = Vault count percentage of total count
                 A         B        C        D         E       F
            +---------+---------+-------+---------+---------+-------
      Total |       0 |     189 | 100.0 |       0 |       1 | 100.0
            +---------+---------+-------+---------+---------+-------
          D |       0 |     189 | 100.0 |       0 |       1 | 100.0
            +---------+---------+-------+---------+---------+-------
